 Dungeon Crawl Stone Soup version 0.31.0-11-ge490571c62 (webtiles) character file.

Game seed: 5292220220000934595

190 qw the Shooter (level 5, 0/26 HPs)
             Began as a Spriggan Hunter on Feb 4, 2024.
             Killed from afar by an orc wizard (12 damage)
             ... with a puff of flame
             ... on level 3 of the Dungeon.
             The game lasted 00:00:07 (1832 turns).

qw the Shooter (Spriggan Hunter)                    Turns: 1832, Time: 00:00:08

Health: 0/26       AC:  2    Str:  7    XL:     5   Next: 41%
Magic:  6/6        EV: 20    Int: 10    God:
Gold:   205        SH:  0    Dex: 21    Spells: 4/4 levels left

rFire   . . .        a - +0 shortbow
rCold   + . .        (shield currently unavailable)
rNeg    . . .        c - +0 robe
rPois   .            (helmet restricted)
rElec   .            (no cloak)
rCorr   .            (gloves unavailable)
SInv    +            (boots unavailable)
Will    .....        (no amulet)
Stlth   ++           g - ring of protection from cold
HPRegen 0.24/turn    (no ring)
MPRegen 0.10/turn

%: no passive effects
@: very quick
A: very small, no large weapons, unfitting armour, see invisible, speed 3
a: no special abilities


You were on level 3 of the Dungeon.
You visited 1 branch of the dungeon, and saw 3 of its levels.

You collected 205 gold pieces.


Innate Abilities, Weirdness & Mutations

You are very small and have problems with some larger weapons.
You are too small for most types of armour.
You have supernaturally acute eyesight. (SInv)
You cover ground extremely quickly. (Speed+++)


   Skills:
 - Level 2.1 Fighting
 + Level 5.6 Ranged Weapons
 - Level 5.0 Dodging
 - Level 1.5 Stealth


You had 4 spell levels left.
You didn't know any spells.
Your spell library was empty.

Inventory:

Hand Weapons
 a - a +0 shortbow (weapon)
Armour
 c - a +0 robe (worn)
Jewellery
 g - a ring of protection from cold (left hand)
Scrolls
 b - a scroll of poison {unknown}
 f - a scroll of enchant armour
Potions
 d - 2 potions of heal wounds
 e - 2 potions of curing
 i - a potion of degeneration {unknown}
 j - a potion of enlightenment {unknown}

Dungeon Overview and Level Annotations

Branches:
Dungeon (3/15)

Altars:


Message History

The orc misses you.
The orc priest looks encouraged for a moment.
You shoot an arrow. The arrow closely misses the orc.
The arrow hits the orc priest!
The orc priest is almost dead.
The orc closely misses you.
You shoot an arrow.
The arrow hits the orc but does no damage.
The orc misses you.
You shoot an arrow. The arrow hits the orc!
You kill the orc!
The orc wizard casts a spell at you. The puff of flame hits you!
You shoot an arrow. The arrow hits the orc priest.
You kill the orc priest!
You shoot an arrow. The arrow barely misses the orc wizard.
The orc wizard closely misses you.
You shoot an arrow.
The arrow closely misses the orc wizard.
The orc misses you.
The orc wizard hits you with a +0 dagger.
You shoot an arrow. The arrow hits the orc wizard.
The orc wizard is moderately wounded.
The orc wizard misses you. The orc closely misses you.
You shoot an arrow.
The arrow hits the orc wizard but does no damage.
The orc wizard is moderately wounded.
The orc barely misses you. The orc wizard completely misses you.
The orc closely misses you.
The orc wizard hits you with a +0 dagger.
You shoot an arrow. The arrow hits the orc wizard!
The orc wizard is almost dead.
The orc misses you. The orc wizard misses you.
You shoot an arrow. The arrow misses the orc wizard.
The orc barely misses you. The orc wizard barely misses you.
You shoot an arrow. The arrow misses the orc wizard.
The orc barely misses you.
The orc wizard gestures at you while chanting.
The puff of flame hits you!
You die...

#.##'##
#.#...##
#.....
#......##
##....
#..)....##
##.....
)........#
.....
)........+
....
.........#
o.#
........##
#o# ##.....##
#@# ##...##
#.# ##)## #.#
#.# #.#
#.#########
#.#
##.#.......#
#.#
##....#####.#
#.# #.....#
#.# #.#
###(...#
###.###.#


You could see an orc wizard (invisible) and an orc.

Vanquished Creatures
  2 orc priests (D:3)
  An orc wizard (D:3)
  An adder (D:3)
  A gnoll (D:1)
  A ribbon worm (D:2)
  3 dart slugs (D:1)
  8 orcs (D:3)
  4 bats
  7 endoplasms
  6 giant cockroaches
  5 goblins
  3 hobgoblins
  6 jackals
  A quokka (D:1)
  5 ball pythons
  5 frilled lizards
  7 kobolds
  3 rats
69 creatures vanquished.

Notes
Turn   | Place    | Note
-------+----------+-------------------------------------------
     0 | D:1      | qw the Spriggan Hunter began the quest for the Orb.
     0 | D:1      | Reached XP level 1. HP: 10/10 MP: 2/2
     0 | D:1      | 0 ||| qw: Version: 0.3-a-160-g6735b56
     0 | D:1      | 0 ||| qw: Game counter: 4540
     0 | D:1      | 0 ||| qw: Melee chars always use a shield: true
     0 | D:1      | 0 ||| qw: God list: Okawaru
     0 | D:1      | 0 ||| qw: Allow faded altars: false
     0 | D:1      | 0 ||| qw: Do Orc after clearing Dungeon:15 true
     0 | D:1      | 0 ||| qw: Do second Lair branch before Depths: true
     0 | D:1      | 0 ||| qw: Lair rune preference: random
     0 | D:1      | 0 ||| qw: Goals: Normal
     0 | D:1      | 0 ||| PLANNING D:1-11
    15 | D:1      | Reached skill level 3 in Dodging
    84 | D:1      | Reached XP level 2. HP: 14/14 MP: 3/3
   346 | D:1      | Reached XP level 3. HP: 18/18 MP: 4/4
   718 | D:1      | 718 ||| UPGRADING to ring of protection from cold.
   719 | D:1      | 719 ||| READING 2 scrolls labelled KUACWO IP HAHEAQ.
   719 | D:1      | 719 ||| ENCHANTING +0 shortbow.
   720 | D:1      | 720 ||| READING scroll labelled FUDIGG KADWUI.
   720 | D:1      | 720 ||| IDENTIFYING pink potion
   721 | D:1      | 721 ||| DRINKING 2 sedimented green potions.
   722 | D:1      | 722 ||| DRINKING 2 green potions.
   777 | D:1      | 777 ||| DROPPING scroll of butterflies.
   778 | D:1      | 778 ||| DROPPING potion of lignification.
  1148 | D:2      | Reached XP level 4. HP: 22/22 MP: 5/5
  1287 | D:2      | 1287 ||| READING 2 scrolls labelled WACASE MOKHLEIK.
  1388 | D:2      | 1388 ||| READING scroll labelled BAICWO PIYQOLE.
  1389 | D:2      | 1389 ||| DROPPING scroll of vulnerability.
  1756 | D:3      | 1756 ||| FLEEEEING.
  1757 | D:3      | 1757 ||| FLEEEEING.
  1759 | D:3      | 1759 ||| FLEEEEING.
  1760 | D:3      | 1760 ||| FLEEEEING.
  1761 | D:3      | 1761 ||| FLEEEEING.
  1762 | D:3      | 1762 ||| FLEEEEING.
  1763 | D:3      | 1763 ||| FLEEEEING.
  1764 | D:3      | 1764 ||| FLEEEEING.
  1765 | D:3      | 1765 ||| FLEEEEING.
  1769 | D:3      | 1769 ||| FLEEEEING.
  1770 | D:3      | 1770 ||| FLEEEEING.
  1771 | D:3      | 1771 ||| FLEEEEING.
  1772 | D:3      | 1772 ||| FLEEEEING.
  1773 | D:3      | 1773 ||| FLEEEEING.
  1774 | D:3      | 1774 ||| FLEEEEING.
  1776 | D:3      | 1776 ||| FLEEEEING.
  1777 | D:3      | 1777 ||| FLEEEEING.
  1821 | D:3      | Reached XP level 5. HP: 22/26 MP: 6/6
  1832 | D:3      | Killed from afar by an orc wizard

Levels and vault maps discovered:
D:1:      saegor_arrival_simple_d, layout_loops_cross,
          amcnicky_mini_rare_corridor_liquid, corexii_corridor_pit
D:2:      layout_rooms
D:3:      layout_loops_corners

Skill      XL: |  1  2  3  4 |
---------------+-------------+-----
Dodging        | 3 4 5 |  5.0
Ranged Weapons | 5 |  5.6
Fighting       | 2 |  2.1
Stealth        | |  1.5

Action                     |  1- 3 |  4- 6 || total
---------------------------+-------+-------++-------
   Fire: Shortbow          |   128 |    74 ||   202
    Use: Scroll            |     2 |     2 ||     4
         Potion            |     2 |       ||     2
 Armour: Robe              |     7 |    10 ||    17
  Dodge: Dodged            |    22 |    29 ||    51

Table legend:
 A = Non-vault XP
 B = Vault XP
 C = Vault XP percentage of total XP
 D = Non-vault monster count
 E = Vault monster count
 F = Vault count percentage of total count
                 A         B        C        D         E       F
            +---------+---------+-------+---------+---------+-------
      Total |     272 |       0 |   0.0 |      69 |       0 |   0.0
            +---------+---------+-------+---------+---------+-------
        D:1 |      69 |       0 |   0.0 |      30 |       0 |   0.0
        D:2 |      36 |       0 |   0.0 |      20 |       0 |   0.0
        D:3 |     167 |       0 |   0.0 |      19 |       0 |   0.0
            +---------+---------+-------+---------+---------+-------
